AoeStats
← LoStratega

Arena

510395665Analyzed
2v2 RM · 1d ago on Sep 30, 2026· 42m 34s· 4 players
Game mode
Random Map
Map size
Medium (4 player)
Population
200
Speed
Normal
Resources
Standard
Victory
Conquest
Starting age
Dark Age
Ending age
Imperial Age
RankedLock teamsTeams togetherTeam positionsShared explorationLock speedFull tech treeHidden civsTurbo modeCheats
Victory
Defeat
🇭🇷 Italians · Croatia
1254
+13
1249
+14
🇮🇹 Malay · Italy
1197
-13
🇮🇹 Poles · Italy
1197
-14
Halbert
0:25 Loom
13:36 Feudal Age
16:18 Castle Age
21:43 Horse Collar
23:30 Double-Bit Axe
23:39 Gold Mining
23:39 Stone Mining
26:32 Squires
27:38 Wheelbarrow
28:58 Bow Saw
LoStratega
11:33 Feudal Age
12:58 Horse Collar
13:44 Loom
16:08 Castle Age
15:28 Scale Mail Armor
18:37 Double-Bit Axe
20:24 Bow Saw
22:12 Heavy Plow
23:27 Wheelbarrow
26:33 Hand Cart
26:49 Fortified Wall
27:54 Gold Mining
27:55 Stone Mining
28:18 Treadmill Crane
29:19 Ballistics
29:48 Caravan
34:02 Imperial Age
32:40 Fletching
32:50 Padded Archer Armor
33:06 Chain Mail Armor
33:02 Forging
33:03 Squires
32:48 Arson
33:55 Crossbowman
34:41 Thumb Ring
33:57 Elite Skirmisher
35:32 Conscription
34:39 Elite Obuch
35:13 Arbalester
36:14 Bodkin Arrow
36:34 Leather Archer Armor
36:50 Plate Mail Armor
36:55 Iron Casting
37:24 Chemistry
36:30 Siege Engineers
38:35 Bracer
Lorazepam "Hogg Zogg" Salad Dog
10:26 Feudal Age
14:29 Castle Age
13:19 Double-Bit Axe
13:58 Horse Collar
17:56 Loom
20:50 Loom
22:35 Wheelbarrow
22:04 Atonement
22:29 Sanctity
25:11 Heavy Plow
26:48 Hand Cart
26:33 Stone Mining
28:08 Bow Saw
28:32 Town Watch
31:04 Fletching
31:14 Padded Archer Armor
31:17 Scale Mail Armor
31:31 Squires
31:28 Gold Mining
34:29 Imperial Age
31:59 Town Patrol
32:10 Gambesons
31:47 Pikeman
32:38 Thumb Ring
31:54 Crossbowman
33:18 Ballistics
32:55 Treadmill Crane
33:04 Arson
33:35 Chain Mail Armor
33:30 Forging
33:19 Bodkin Arrow
33:25 Padded Archer Armor
34:22 Gold Shaft Mining
34:33 Shield Wall
34:39 Elite Varangian Guard
34:42 Arbalester
36:37 Chemistry
36:18 Conscription
36:33 Guard Tower
36:49 Siege Engineers
36:38 Guard Tower
37:35 Bracer
38:06 Plate Mail Armor
38:24 Iron Casting
38:53 Leather Archer Armor
39:44 Keep
38:54 Arrowslits
38:58 Elite Skirmisher
40:21 Hoardings
40:53 Elite Hearth Troop
Maus
10:30 Feudal Age
11:30 Loom
11:14 Man-at-Arms
15:32 Forging
16:03 Horse Collar
16:11 Arson
21:52 Castle Age
20:20 Stone Mining
20:23 Gold Mining
21:00 Double-Bit Axe
21:17 Fletching
22:26 Wheelbarrow
26:10 Heavy Plow
26:00 Double-Bit Axe
26:24 Bodkin Arrow
27:35 Hand Cart
28:34 Thumb Ring
28:58 Ballistics
29:38 Husbandry
29:57 Padded Archer Armor
31:06 Bow Saw
31:14 Fortified Wall
32:15 Hand Cart
33:02 Leather Archer Armor
33:03 Bloodlines
36:51 Imperial Age
37:04 Treadmill Crane
37:37 Bracer
38:39 Chemistry
37:37 Arrowslits
38:26 Conscription
38:56 Guard Tower
39:39 Ring Archer Armor
40:14 Bombard Tower
41:33 Keep
41:57 Elite Genoese Crossbowman
Connection lost

Rejoining the realm…

Still unreachable

The connection could not be restored.

Session expired

The server has moved on; the page needs a fresh start.